Map: 莱瑞拉克之冠

Players

Gus - Winner!

  • Race: Zerg Zerg
  • League: Platinum

shengy

  • Race: Zerg Zerg
  • League: Platinum

VOD

Have the link to the VOD?

Description

Time

  • Played on: Dec. 25, 2015, 10:05 p.m.
  • Length: 3:44
Show
View Real Time Build Order
Export as new Build Order

Gus Zerg - Winner!

Build Orders: Pool First 

Get SALT Encoding   

  12  0:01  Drone  
  13  0:08  Drone  
  13  0:13  Extractor  
  13  0:16  Drone  
  14  0:34  Spawning Pool  
  13  0:37  Drone  
  14  0:46  Drone, Extractor  
  15  0:53  Overlord  
  15  1:13  Drone x3  
  18  1:21  Queen  
  20  1:29  Metabolic Boost  
  20  1:37  Overlord  
  20  1:52  Zergling x4  
  22  2:10  Hatchery  
  22  2:12  Drone  
  22  2:14  Drone  
  23  2:28  Zergling x2  
  24  2:37  Zergling x6  
  27  2:57  Zergling x2  
  28  3:08  Overlord  
  28  3:13  Zergling x4  
Show
View Real Time Build Order
Export as new Build Order

shengy Zerg 

Build Orders: Pool First 

Get SALT Encoding   

  12  0:00  Drone  
  13  0:09  Drone  
  14  0:16  Overlord  
  14  0:35  Drone x3  
  17  0:46  Spawning Pool  
  17  0:49  Drone  
  17  0:58  Drone  
  18  1:15  Hatchery  
  17  1:19  Drone  
  17  1:23  Extractor  
  18  1:32  Zergling x2  
  18  1:33  Zergling x2  
  18  1:36  Queen  
  21  1:41  Drone  
  22  2:00  Overlord  
  22  2:18  Queen  
  24  2:31  Drone x4  
  28  2:56  Queen  
  30  2:59  Drone x2  
  30  3:00  Overlord  
  32  3:08  Zergling x2  
  32  3:09  Zergling x6  
Tags
 
Add a new tag
Caveats
  • Supply blocks, unpowered buildings, or Contaminate may cause inaccurate times.
  • Supply counts are checked every 10 seconds.